 Dungeon Sprint DCSS version 0.15.2 (webtiles) character file.

7868 MordorOrchid the Hoplite (level 11, -17/120 HPs)
             Began as an Octopode Earth Elementalist on June 5, 2021.
             Was the Champion of Vehumet.
             Demolished by a reaper
             ... wielding a +0 scythe of slicing
              (25 damage)
             ... in the Dungeon (Sprint V: "Ziggurat Sprint").
             The game lasted 00:15:40 (528 turns).

MordorOrchid the Hoplite (OpEE)                      Turns: 528, Time: 00:15:40

HP -17/120       AC  6     Str 27      XL: 11   Next: 22%
MP  28/28        EV 24     Int 30 (32) God: Vehumet [******]
Gold 0           SH 33     Dex 31      Spells:  6 memorised,  7 levels left

rFire  . . .     SeeInvis +     E - +14 obsidian axe {chop, +Fly Str+3 SInv Curse}
rCold  . . .     Clarity  +     F - +18 shield of the gong {rElec rN+ MR+ EV-5}
rNeg   + . .     rCorr    .     (helmet restricted)
rPois  +         rRot     .     n - amulet of clarity
rElec  +         Spirit   .     v - +6 ring of dexterity
SustAb .         Warding  .     w - +6 ring of dexterity
rMut   .         NoTele   +     x - +6 ring of intelligence
Gourm  .                        y - cursed +6 ring of intelligence
MR     +....                    z - +6 ring of strength
                                A - +6 ring of strength
                                P - ring of poison resistance
                                (no ring)

@: mighty, agile, berserking, stone skin, mesmerised, very slightly
contaminated, hasted, very quick, somewhat resistant to hostile enchantments,
extremely unstealthy
A: almost no armour, amphibious, 8 rings, constrict 8, camouflage 1, gelatinous
body 1
a: Renounce Religion, Evoke Flight


You were in the Dungeon.
You worshipped Vehumet.
Vehumet was exalted by your worship.
You were not hungry.

You visited 1 branch

Inventory:

Hand weapons
 E - the cursed +14 obsidian axe (weapon) {chop, +Fly Str+3 SInv Curse}
   (You found it in the Dungeon)

   It inflicts extra damage upon your enemies.
   It affects your strength (+3).
   It enhances your eyesight.
   It lets you fly.
   It may recurse itself when equipped.
   It has a curse placed upon it.
Missiles
 b - 20 stones (quivered)
Armour
 F - the +18 shield of the gong (worn) {rElec rN+ MR+ EV-5}
   (You found it in the Dungeon)

   It affects your evasion (-5).
   It insulates you from electricity.
   It protects you from negative energy.
   It affects your resistance to hostile enchantments.
Magical devices
 q - a wand of disintegration (7)
 r - a wand of fire (5)
 s - a wand of cold (5)
 t - a wand of draining (5)
Comestibles
 a - 5 bread rations
 G - 42 fruits
 H - 3 meat rations
Scrolls
 j - 4 scrolls of blinking
 I - 4 scrolls of amnesia
 J - 3 scrolls of recharging
 K - 7 scrolls of fog
 L - a scroll of holy word
 M - 3 scrolls of identify
 N - 5 scrolls of remove curse
 O - 2 scrolls of fear
Jewellery
 n - an amulet of clarity (around mantle)
 v - a +6 ring of dexterity (left tentacle)
 w - a +6 ring of dexterity (right tentacle)
 x - a +6 ring of intelligence (on tentacle)
 y - a cursed +6 ring of intelligence (on tentacle)
 z - a +6 ring of strength (on tentacle)
 A - a +6 ring of strength (on tentacle)
 B - a cursed ring of flight
 P - a ring of poison resistance (on tentacle)
 Q - the cursed ring "Ihazxatt" {Ice Str+2 Dex+2}
   (You found it in the Dungeon)

   [ring of ice]

   It enhances your ice magic, and weakens your fire magic.
   It affects your strength (+2).
   It affects your dexterity (+2).
   It makes you vulnerable to fire.
   It protects you from cold.
   It has a curse placed upon it.
Potions
 c - 2 potions of brilliance
 e - 10 potions of curing
 f - 8 potions of heal wounds
 g - 2 potions of haste
 h - 7 potions of magic
 i - a potion of berserk rage
 l - 2 potions of restore abilities
 m - 4 potions of resistance
 o - a potion of agility
 p - 2 potions of might
Books
 d - a book of Geomancy

   Spells                             Type                      Level
   *Sandblast                         Earth                        1
   *Stoneskin                         Transmutation/Earth          2
   Passwall                           Transmutation/Earth          3
   Stone Arrow                        Conjuration/Earth            3
   *Petrify                           Transmutation/Earth          4
   *Lee's Rapid Deconstruction        Earth                        5
 C - a tome of Destruction
 U - a book of Unlife

   Spells                             Type                      Level
   Recall                             Summoning/Translocation      3
   *Animate Dead                      Necromancy                   4
   *Control Undead                    Necromancy                   4
   Twisted Resurrection               Necromancy                   5
   Death Channel                      Necromancy                   6
   Simulacrum                         Ice/Necromancy               6
 W - a book of Air

   Spells                             Type                      Level
   Shock                              Conjuration/Air              1
   Swiftness                          Charms/Air                   2
   Repel Missiles                     Charms/Air                   2
   Flight                             Charms/Air                   3
   Static Discharge                   Conjuration/Air              3
   Lightning Bolt                     Conjuration/Air              5
 X - the Disquisition on Attacks
   (You found it in the Dungeon)

   Spells                             Type                      Level
   Searing Ray                        Conjuration                  2
   Static Discharge                   Conjuration/Air              3
   Sticky Flame                       Conjuration/Fire             4
   Bolt of Draining                   Conjuration/Necromancy       5
   Venom Bolt                         Conjuration/Poison           5
 Y - a book of Callings

   Spells                             Type                      Level
   Summon Small Mammal                Summoning                    1
   Call Imp                           Summoning                    2
   Call Canine Familiar               Summoning                    3
   Summon Guardian Golem              Hexes/Summoning              4
   Summon Lightning Spire             Summoning/Air                4
   Summon Ice Beast                   Ice/Summoning                4
Magical staves
 u - a cursed staff of energy
Miscellaneous
 k - an ornate deck of summonings
 D - a disc of storms
 S - a sack of spiders
 T - a lamp of fire
 V - a phial of floods
 Z - a fan of gales
Rods
 R - a cursed +2 lightning rod (12/12)
   (You found it in the Dungeon)


   Skills:
 - Level 9.1 Fighting
 - Level 9.7 Dodging
 - Level 2.6 Stealth
 - Level 11.0 Shields
 - Level 7.7 Unarmed Combat
 - Level 8.5 Spellcasting
 + Level 10.0 Necromancy
 - Level 8.2 Transmutations
 - Level 10.2 Earth Magic
 - Level 9.0 Evocations


You had 7 spell levels left.
You knew the following spells:

 Your Spells              Type           Power        Failure   Level  Hunger
a - Sandblast             Erth           ######       1%          1    None
d - Petrify               Trmt/Erth      ######..     1%          4    None
u - Animate Dead          Necr           N/A          1%          4    None
v - Lee's Rapid Deconstr  Erth           ######....   1%          5    ###....
y - Stoneskin             Trmt/Erth      ######..     1%          2    None
U - Control Undead        Necr           ######....   1%          4    None


Dungeon Overview and Level Annotations

Branches:
Dungeon (1/1)

Altars:
Ashenzari
Cheibriados
Dithmenos
Elyvilon
Fedhas
Kikubaaqudgha
Makhleb
Nemelex Xobeh
Okawaru
Qazlal
Sif Muna
Trog
Vehumet
Xom
Yredelemnul
Zin
The Shining One
Beogh
Jiyva
Lugonu


Innate Abilities, Weirdness & Mutations

You cannot wear most types of armour.
You are amphibious.
You can wear up to eight rings at the same time.
You can use your tentacles to constrict many enemies at once.
Your skin changes colour to match your surroundings (Stealth).
Your rubbery body absorbs attacks (AC +1).


Message History

You squeeze the iron devil!
The iron devil is almost dead.
You slash the tormentor!
You kill the tormentor!
Vehumet accepts your kill.
Your Necromancy skill increases to level 10!
You constrict the iron devil.
Your giant cockroach zombie bites the reaper but does no damage.
Vehumet accepts your kill. You block the tormentor's attack.
GONNNNG!
The tormentor completely misses you.
Your necrophage misses the reaper. You block the reaper's attack.
SHROANNG!
The red devil hits you from afar with a trident.
* * * LOW HITPOINT WARNING * * *
You block the iron imp's attack.
GONNNNG!
The reaper hits you from afar with a runed scythe!!
You die...

▓.........
▓▓▓▓▓▓▓▓▓▓▓▓▓▓▓▓▓▓▓▓▓
▓...8©8...▓...8©8...▓.
▓..})}):).▓..==..3..▓.
▓..}":)?..▓..=[ZVZ..▓.
▓...n.Z...▓.....Z...▓.
▓..422....▓.........▓.
▓...24....▓...))....▓.
▓...5@....▓...).)...▓.
▓.........▓.........▓.
▓.........▓.▓.....▓.▓.
▓.........▓.........▓▓
▓▓▓▓▓▓▓▓▓▓▓▓▓▓▓▓▓▓▓▓▓


You could see 2 reapers, an iron devil, a tormentor, a red devil, an iron imp, a
friendly necrophage and a friendly giant cockroach zombie.

Vanquished Creatures
  A soul eater (D)
  A giant orange brain (D)
  A hill giant (D)
  2 necromancers (D)
  A tormentor (D)
  A hellwing (D)
  3 guardian mummies (D)
  2 merfolk (D)
  A polar bear (D)
  3 two-headed ogres (D)
  A flying skull (D)
  A tarantella (D)
  4 shadows (D)
  Edmund (D)
  2 hell hounds (D)
  2 ogres (D)
  A centaur (D)
  Duvessa (D)
  Blork the orc (D)
  A scorpion (D)
  An eye of draining (D)
  A wight (D)
  Dowan (D)
  2 quasits (D)
  3 jellies (D)
  2 orc priests (D)
  Crazy Yiuf (D)
  Jessica (D)
  2 sheep (D)
  4 mummies (D)
  3 giant mites (D)
  2 white imps (D)
  An orc (D)
  A bat skeleton (D)
  2 bat zombies (D)
  A hobgoblin skeleton (D)
  A kobold zombie (D)
  A quokka skeleton (D)
  A rat zombie (D)
62 creatures vanquished.

Vanquished Creatures (collateral kills)
  A mummy priest (D)
  A hill giant (D)
  A necromancer (D)
  A merfolk (D)
  A troll (D)
  Sigmund (D)
6 creatures vanquished.

Vanquished Creatures (others)
  A lurking horror (D)
1 creature vanquished.

Grand Total: 69 creatures vanquished

Notes
Turn   | Place    | Note
--------------------------------------------------------------
     0 | D        | MordorOrchid, the Octopode Earth Elementalist, began the quest for the Orb.
     0 | D        | Reached XP level 1. HP: 11/11 MP: 3/3
     0 | D        | Found a roughly hewn altar of Beogh.
     0 | D        | Found a corrupted altar of Lugonu.
     1 | D        | Found a white marble altar of Elyvilon.
     1 | D        | Found an ancient bone altar of Kikubaaqudgha.
     2 | D        | Found a burning altar of Makhleb.
     2 | D        | Found an iron altar of Okawaru.
     4 | D        | Found a sparkling altar of Nemelex Xobeh.
     4 | D        | Found a deep blue altar of Sif Muna.
     6 | D        | Found a bloodstained altar of Trog.
    23 | D        | Found a radiant altar of Vehumet.
    35 | D        | Found a basalt altar of Yredelemnul.
    39 | D        | Reached skill level 7 in Shields
    39 | D        | Reached XP level 2. HP: 17/17 MP: 4/4
    43 | D        | Learned a level 2 spell: Stoneskin
    43 | D        | Found a shimmering altar of Xom.
    49 | D        | Became a worshipper of Vehumet
    59 | D        | Entered arena 1.
    59 | D        | Noticed a polar bear
    63 | D        | Killed a polar bear
    63 | D        | Reached skill level 8 in Shields
    63 | D        | Reached skill level 5 in Earth Magic
    63 | D        | Reached XP level 3. HP: 16/25 MP: 5/9
    63 | D        | Reached XP level 4. HP: 19/30 MP: 6/11
    63 | D        | Reached XP level 5. HP: 22/36 MP: 7/13
    69 | D        | Entered arena 2.
    69 | D        | Noticed an orc priest
    69 | D        | Noticed an orc priest
    74 | D        | Killed an orc priest
    74 | D        | Acquired Vehumet's first power
    74 | D        | Offered knowledge of Shock by Vehumet.
    74 | D        | Reached XP level 6. HP: 25/42 MP: 9/15
    74 | D        | Killed an orc priest
    79 | D        | Entered arena 3.
    79 | D        | Noticed a hell hound
    85 | D        | Killed a hell hound
    85 | D        | Reached skill level 5 in Dodging
    87 | D        | Got the ring "Ihazxatt" {Ice Str+2 Dex+2}
    90 | D        | Entered arena 4.
    90 | D        | Noticed a jelly
    90 | D        | Noticed an eye of draining
    90 | D        | Noticed a jelly
    90 | D        | Noticed a jelly
    94 | D        | Killed a jelly
    94 | D        | Acquired Vehumet's second power
    96 | D        | Killed a jelly
    96 | D        | Reached XP level 7. HP: 29/47 MP: 16/18
    96 | D        | Killed a jelly
    97 | D        | Killed an eye of draining
    97 | D        | Reached skill level 5 in Spellcasting
   100 | D        | Entered arena 5.
   100 | D        | Noticed a tarantella
   100 | D        | Noticed a scorpion
   105 | D        | Acquired Vehumet's third power
   106 | D        | Killed a tarantella
   106 | D        | Reached skill level 5 in Evocations
   109 | D        | Killed a scorpion
   131 | D        | Learned a level 5 spell: Lee's Rapid Deconstruction
   136 | D        | Learned a level 4 spell: Petrify
   192 | D        | Entered arena 6.
   192 | D        | Noticed a hellwing
   192 | D        | Noticed a quasit
   192 | D        | Noticed a giant orange brain
   192 | D        | Noticed a quasit
   198 | D        | Killed a quasit
   198 | D        | Offered knowledge of Magic Dart by Vehumet.
   198 | D        | Reached skill level 5 in Transmutations
   198 | D        | Killed a quasit
   199 | D        | Killed a giant orange brain
   199 | D        | Reached skill level 5 in Fighting
   199 | D        | Reached skill level 9 in Shields
   199 | D        | Reached skill level 5 in Unarmed Combat
   199 | D        | Reached XP level 8. HP: 53/55 MP: 19/21
   204 | D        | Killed a hellwing
   213 | D        | Entered arena 7.
   213 | D        | Noticed a merfolk
   213 | D        | Noticed a merfolk
   213 | D        | Noticed a merfolk
   213 | D        | Noticed a centaur
   219 | D        | Killed a centaur
   219 | D        | Reached XP level 9. HP: 34/62 MP: 23/23
   219 | D        | Killed a merfolk
   221 | D        | Killed a merfolk
   223 | D        | Killed a merfolk
   238 | D        | Entered arena 8.
   238 | D        | Noticed Sigmund
   238 | D        | Noticed Jessica
   238 | D        | Noticed Blork the orc
   238 | D        | Noticed Crazy Yiuf
   238 | D        | Noticed Dowan
   238 | D        | Noticed Duvessa
   238 | D        | Noticed Edmund
   242 | D        | Killed Dowan
   244 | D        | Killed Crazy Yiuf
   245 | D        | Killed Jessica
   245 | D        | Killed Duvessa
   247 | D        | Killed Blork the orc
   248 | D        | Killed Sigmund
   249 | D        | Killed Edmund
   249 | D        | Reached skill level 10 in Shields
   274 | D        | Learned a level 4 spell: Animate Dead
   400 | D        | Entered arena 9.
   400 | D        | Noticed a hill giant
   400 | D        | Noticed a two-headed ogre
   400 | D        | Noticed an ogre
   400 | D        | Noticed a hill giant
   400 | D        | Noticed a troll
   400 | D        | Noticed an ogre
   400 | D        | Noticed a two-headed ogre
   400 | D        | Noticed a two-headed ogre
   404 | D        | Killed a two-headed ogre
   404 | D        | Offered knowledge of Dazzling Spray by Vehumet.
   406 | D        | Killed an ogre
   406 | D        | Reached skill level 1 in Necromancy
   406 | D        | Killed a hill giant
   406 | D        | Reached skill level 10 in Earth Magic
   406 | D        | Reached XP level 10. HP: 69/71 MP: 25/25
   407 | D        | Killed an ogre
   407 | D        | Killed a two-headed ogre
   408 | D        | Killed a hill giant
   409 | D        | Killed a two-headed ogre
   410 | D        | Killed a troll
   425 | D        | Entered arena 10.
   425 | D        | Noticed a guardian mummy
   425 | D        | Noticed a flying skull
   425 | D        | Noticed a mummy priest
   425 | D        | Noticed a guardian mummy
   425 | D        | Noticed a guardian mummy
   431 | D        | Killed a guardian mummy
   432 | D        | Killed a guardian mummy
   434 | D        | Killed a guardian mummy
   436 | D        | Killed a flying skull
   437 | D        | Killed a mummy priest
   437 | D        | Reached skill level 11 in Shields
   438 | D        | Noticed a soul eater
   442 | D        | Killed a soul eater
   445 | D        | Identified the Disquisition on Attacks (You found it in the Dungeon)
   453 | D        | Identified the Disquisition on Attacks (You found it in the Dungeon)
   475 | D        | Learned a level 4 spell: Control Undead
   489 | D        | Entered arena 11.
   489 | D        | Noticed a wight
   489 | D        | Noticed a vampire
   489 | D        | Noticed a necromancer
   489 | D        | Noticed a shadow
   489 | D        | Noticed a necromancer
   489 | D        | Noticed a shadow
   490 | D        | Noticed a necromancer
   497 | D        | Killed a shadow
   498 | D        | Killed a wight
   498 | D        | Reached skill level 5 in Necromancy
   499 | D        | Killed a shadow
   499 | D        | Killed a necromancer
   499 | D        | Reached XP level 11. HP: 80/80 MP: 28/28
   499 | D        | Killed a necromancer
   500 | D        | Killed a necromancer
   515 | D        | Entered arena 12.
   515 | D        | Noticed a necrophage
   515 | D        | Noticed a tormentor
   515 | D        | Noticed a tormentor
   515 | D        | Noticed an iron imp
   515 | D        | Noticed a hell hound
   515 | D        | Noticed a reaper
   515 | D        | Noticed a reaper
   516 | D        | Noticed a red devil
   516 | D        | Noticed an iron devil
   520 | D        | Killed a hell hound
   528 | D        | Killed a tormentor
   528 | D        | Reached skill level 10 in Necromancy
   528 | D        | Demolished by a reaper

Action                   |  1- 3 |  4- 6 |  7- 9 | 10-12 || total
-------------------------+-------+-------+-------+-------++-------
Melee: Broad axe         |     2 |     6 |    24 |    28 ||    60
 Cast: Animate Dead      |       |       |     1 |     2 ||     3
       Stoneskin         |       |       |     1 |     1 ||     2
       Control Undead    |       |       |       |     2 ||     2
  Use: Potion            |     5 |       |     7 |     8 ||    20
       Scroll            |       |       |       |     2 ||     2
 Stab: Sleeping          |     2 |     6 |    14 |       ||    22
       Invisible         |       |     1 |     9 |       ||    10
       Confused          |       |       |       |     1 ||     1
  Eat: Meat ration       |       |       |       |     1 ||     1
